 Dungeon Crawl Stone Soup version 0.31-a0-237-g2d982f9f85 (webtiles) character file.

Game seed: 10531054041351732552

137 qw the Shooter (level 5, -6/41 HPs)
             Began as a Minotaur Hexslinger on July 10, 2023.
             Mangled by an ogre
             ... wielding a +0 giant club
              (16 damage)
             ... on level 3 of the Dungeon.
             The game lasted 00:00:44 (1905 turns).

qw the Shooter (Minotaur Hexslinger)                Turns: 1905, Time: 00:00:44

Health: -6/41      AC:  8    Str: 13    XL:     5   Next: 0%
Magic:  5/5        EV: 11    Int: 10    God:
Gold:   178        SH:  0    Dex: 14    Spells: 5/6 levels left

rFire   . . .        Y - +2 sling (flame)
rCold   . . .        (no shield)
rNeg    . . .        f - +0 ring mail
rPois   .            (helmet restricted)
rElec   .            b - +0 cloak
rCorr   .            e - +1 pair of gloves
SInv    +            (no boots)
Will    .....        (no amulet)
Stlth   +            i - ring of see invisible
HPRegen 0.26/turn    (no ring)
MPRegen 0.09/turn

%: no passive effects
@: no status effects
A: horns 2, retaliatory headbutt
a: no special abilities


You were on level 3 of the Dungeon.
You visited 1 branch of the dungeon, and saw 6 of its levels.

You collected 178 gold pieces.


Innate Abilities, Weirdness & Mutations

You have a pair of horns on your head.
You reflexively headbutt those who attack you in melee.


   Skills:
 + Level 2.0 Fighting
 - Level 5.3 Ranged Weapons
 - Level 1.0 Armour
 - Level 2.1 Dodging
 - Level 1.0 Spellcasting
 - Level 2.0 Hexes


You had 5 spell levels left.
You knew the following spells:

 Your Spells              Type           Power      Damage    Failure   Level
a - Slow                  Hex            16%        N/A       32%         1

Your spell library contained the following spells:

 Spells                   Type           Power      Damage    Failure   Level
 Inner Flame              Hex/Fire       2%         N/A       82%         3
 Portal Projectile        Hex/Tloc       4%         N/A       82%         3
 Cause Fear               Hex            2%         N/A       97%         4

Inventory:

Hand Weapons
 Y - a +2 sling of flaming (weapon)
Armour
 b - a +0 cloak (worn)
 e - a +1 pair of gloves (worn)
 f - a +0 ring mail (worn)
Jewellery
 i - a ring of see invisible (left hand)
Scrolls
 c - a scroll of identify
Potions
 a - a potion of heal wounds {unknown}
 d - a potion of cancellation {unknown}
 h - a potion of invisibility {unknown}
 j - a potion of degeneration {unknown}

Dungeon Overview and Level Annotations

Branches:
Dungeon (6/15)
 Temple: D:4-7

Altars:
Elyvilon
Vehumet

Shops:
D:1 :   D:3 [


Message History

The ogre shouts!
Found a leather armour.
There is a stone staircase leading down here.
An ogre is nearby!
Enter note:
Enter note:
Enter note:
Enter note:
Enter note:
Enter note:
Enter note:
Enter note:
Enter note:
Enter note:
Enter note:
Enter note:
Enter note:
Enter note:
Enter note: You shoot a sling bullet.
The sling bullet hits the ogre.
The sling bullet burns the ogre.
The ogre is moderately wounded.
You shoot a sling bullet.
The sling bullet barely misses the ogre.
You shoot a sling bullet.
The sling bullet barely misses the ogre.
The ogre hits you with a +0 giant club!!
Ouch! That really hurt!
You shoot a sling bullet.
The sling bullet closely misses the ogre.
The ogre closely misses you.
You shoot a sling bullet. The sling bullet hits the ogre.
The sling bullet burns the ogre.
The ogre is heavily wounded.
The ogre closely misses you.
You shoot a sling bullet. The sling bullet hits the ogre!
The sling bullet burns the ogre.
The ogre is almost dead.
The ogre hits you with a +0 giant club!
You die...

......... #.......
#........... #.......
#..........#####.......
#..........#...'.......
#[.........#.#+#.......
#......................
#.........>##..........
#....O.....''..........
#.....@....##..........
#.########.##..%.......
####)###.........
##................
....................
.#..................
..#..........#...... #
##.........#......
#..........#......


You could see an ogre.

Vanquished Creatures
  A howler monkey (D:4)
  2 adders (D:3)
  An ufetubus (D:5)
  2 worms (D:3)
  2 dart slugs
  2 orcs
  8 ball pythons
  7 bats
  5 endoplasms
  A giant cockroach (D:1)
  6 goblins
  6 hobgoblins
  5 kobolds (D:1)
  4 quokkas
  4 frilled lizards (D:1)
  7 rats
63 creatures vanquished.

Notes
Turn   | Place    | Note
-------+----------+-------------------------------------------
     0 | D:1      | qw the Minotaur Hexslinger began the quest for the Orb.
     0 | D:1      | Reached XP level 1. HP: 16/16 MP: 1/1
     0 | D:1      | 0 ||| qw: Version: 0.3-a-52-g30416fa
     0 | D:1      | 0 ||| qw: Game counter: 5337
     0 | D:1      | 0 ||| qw: Melee chars always use a shield: true
     0 | D:1      | 0 ||| qw: God list: Okawaru
     0 | D:1      | 0 ||| qw: Allow faded altars: false
     0 | D:1      | 0 ||| qw: Do Orc after clearing Dungeon:15 true
     0 | D:1      | 0 ||| qw: Do second Lair branch before Depths: true
     0 | D:1      | 0 ||| qw: Lair rune preference: random
     0 | D:1      | 0 ||| qw: Goals: Normal
     0 | D:1      | 0 ||| PLANNING D:1-11
   265 | D:1      | Reached skill level 3 in Ranged Weapons
   269 | D:1      | Reached XP level 2. HP: 23/23 MP: 2/2
   378 | D:1      | Found Pyasois's Book Shoppe.
   609 | D:1      | Reached XP level 3. HP: 29/29 MP: 3/3
   754 | D:1      | 754 ||| UPGRADING to +0 leather armour.
   764 | D:1      | 764 ||| DROPPING +0 robe.
   765 | D:1      | 765 ||| UPGRADING to +0 ring mail.
   775 | D:1      | 775 ||| DROPPING +0 leather armour.
   776 | D:1      | 776 ||| READING scroll labelled RISYEM EVEIGA.
   777 | D:1      | 777 ||| READING scroll labelled QIGGIGOVUQU.
   778 | D:1      | 778 ||| READING scroll labelled YPIEGO XAHYS.
   779 | D:1      | 779 ||| DROPPING scroll of poison.
  1003 | D:2      | Found a faded altar of an unknown god.
  1043 | D:2      | Reached skill level 4 in Ranged Weapons
  1382 | D:2      | 1382 ||| UPGRADING to +0 cloak.
  1387 | D:2      | 1387 ||| DRINKING 2 fizzy grey potions.
  1418 | D:2      | 1418 ||| DROPPING potion of lignification.
  1438 | D:3      | 1438 ||| PLANNING SEWER
  1477 | D:3      | Found a radiant altar of Vehumet.
  1502 | D:3      | Reached skill level 1 in Armour
  1583 | D:3      | Reached XP level 4. HP: 24/36 MP: 4/4
  1674 | D:3      | Found Jana's Armour Shop.
  1683 | D:3      | 1683 ||| SHOPLISTING +1 ring mail "Foergh" {rF+ Stlth+}
                  | (361 gold, have 115).
  1683 | D:3      | 1683 ||| SHOPLISTING +4 ring mail of fire resistance (434
                  | gold, have 115).
  1694 | D:3      | 1694 ||| Stepping ~*~*~tactically~*~*~ (water).
  1730 | D:3      | You fall into a shaft and drop 3 floors!
  1730 | D:6      | Found a white marble altar of Elyvilon.
  1755 | D:6      | 1755 ||| UPGRADING to +1 pair of gloves.
  1760 | D:6      | 1760 ||| UPGRADING to ring of see invisible.
  1761 | D:6      | 1761 ||| READING scroll labelled HIFIUS LETT.
  1762 | D:6      | 1762 ||| READING scroll labelled ERHOUB REGOLEFF.
  1763 | D:6      | 1763 ||| READING scroll labelled WOAGIVEDYM.
  1771 | D:5      | Entered Level 5 of the Dungeon
  1827 | D:4      | Reached skill level 5 in Ranged Weapons
  1859 | D:4      | Reached XP level 5. HP: 32/41 MP: 5/5
  1899 | D:3      | Noticed an ogre
  1902 | D:3      | HP: 9/41 [ogre/+0 giant club (32)]
  1905 | D:3      | Mangled by an ogre

Levels and vault maps discovered:
D:1:      dreamdust_arrival_sigmund_warning, layout_loops_corners, serial_shops,
          shop, minmay_octomino_e4
D:2:      layout_rooms, ebering_ecumenical_altar_mist,
          minmay_misc_feat_nine_boxes, chequers_serial_rivers_large_b,
          minivault_23, serial_park_tiny_2, eino_tiny_chamber,
          patterned_corridor
D:3:      layout_basic, marbit_many_paths, gup_sewer_entry_bubbles,
          serial_shops, nicolae_shop_advertising_works
          [nicolae_subvault_shop_adworks], nicolae_the_louvre, uniq_robin
D:4:      layout_loops_ring, zin_statuary, nicolae_qazlal_style_of_elements,
          minmay_temple_entry_ruins, corexii_checkpoint_b, minmay_manual_mail
D:5:      minmay_chambers_of_threes, layout_basic,
          nicolae_overflow_two_pavilions, serial_shops,
          nicolae_shop_rolling_square, st_stairs_9, kennysheep_generic_room_12
D:6:      layout_loops_ring, amcnicky_altar_gilded

Skill      XL: |  1  2  3  4 |
---------------+-------------+-----
Ranged Weapons | 3 4 5 |  5.3
Fighting       | 2 |  2.0
Armour         | 1 |  1.0
Dodging        | |  2.1
Spellcasting   | |  1.0
Hexes          | |  2.0

Action                     |  1- 3 |  4- 6 || total
---------------------------+-------+-------++-------
   Fire: Sling             |   102 |    41 ||   143
    Use: Scroll            |     3 |     3 ||     6
         Potion            |     1 |       ||     1
 Armour: Robe              |     4 |       ||     4
         Ring mail         |     4 |     7 ||    11
  Dodge: Dodged            |    27 |    19 ||    46

Table legend:
 A = Non-vault XP
 B = Vault XP
 C = Vault XP percentage of total XP
 D = Non-vault monster count
 E = Vault monster count
 F = Vault count percentage of total count
                 A         B        C        D         E       F
            +---------+---------+-------+---------+---------+-------
      Total |     175 |      21 |  10.7 |      55 |       8 |  12.7
            +---------+---------+-------+---------+---------+-------
        D:1 |      38 |      10 |  20.8 |      25 |       4 |  13.8
        D:2 |      22 |       0 |   0.0 |      12 |       0 |   0.0
        D:3 |      44 |       8 |  15.4 |      12 |       3 |  20.0
        D:4 |      60 |       3 |   4.8 |       4 |       1 |  20.0
        D:5 |      11 |       0 |   0.0 |       2 |       0 |   0.0
            +---------+---------+-------+---------+---------+-------
